 Dungeon Crawl Stone Soup version 0.17-a0-1447-g3d113ad (webtiles) character file.

126 houska102 the Skirmisher (level 4, -1/37 HPs)
             Began as a Demonspawn Fighter on June 29, 2015.
             Slain by Boomshaker's ghost (4 damage)
             ... on level 4 of the Dungeon.
             The game lasted 00:30:07 (3348 turns).

houska102 the Skirmisher (Demonspawn Fighter)       Turns: 3348, Time: 00:30:07

Health: -1/37      AC: 14    Str: 21    XL:     4   Next: 83%
Magic:  4/4        EV:  5    Int: 10    God:
Gold:   165        SH:  9    Dex: 12    Spells: 0 memorised, 3 levels left

rFire  . . .     SeeInvis .     a - +0 long sword
rCold  . . .     Clarity  .     e - +0 chain mail
rNeg   . . .     SustAt   .     c - +0 shield
rPois  .         Gourm    .     (no helmet)
rElec  .         Spirit   .     (no cloak)
rCorr  .         Warding  .     (no gloves)
rMut   .         Stasis   .     f - +0 pair of boots
MR     .....                    (no amulet)
Stlth  ..........               (no ring)
                                (no ring)

@: mighty, not resistant to hostile enchantments, extremely unstealthy
A: rough black scales 1
a: no special abilities


You were on level 4 of the Dungeon.
You were hungry.

You visited 1 branch of the dungeon, and saw 4 of its levels.

You collected 165 gold pieces.

Inventory:

Hand weapons
 a - a +0 long sword (weapon)
Armour
 c - a +0 shield (worn)
 e - a +0 chain mail (worn)
 f - a +0 pair of boots (worn)
 m - a gold dragon hide
Scrolls
 b - 2 scrolls of teleportation {unknown}
 n - 2 scrolls of fog
Potions
 g - a potion of cancellation
Comestibles
 h - a royal jelly


   Skills:
 + Level 3.7 Fighting
 + Level 2.5 Long Blades
 + Level 3.2 Armour
 + Level 0.8 Dodging
 + Level 0.2 Stealth
 + Level 3.5 Shields


You had 3 spell levels left.
You didn't know any spells.

Dungeon Overview and Level Annotations

Branches:
Dungeon (4/15)
 Temple: D:4-7

Altars:
Sif Muna

Annotations:
D:4 Boomshaker's ghost, average GrFi


Innate Abilities, Weirdness & Mutations

You are partially covered in rough black scales (AC +4, Dex -1).


Message History

You barely miss Boomshaker's ghost.
Boomshaker's ghost is moderately damaged.
Boomshaker's ghost hits you but does no damage.
Your shield and chain mail prevent you from hitting Boomshaker's ghost.
Boomshaker's ghost is moderately damaged.
Boomshaker's ghost hits you.
* * * LOW HITPOINT WARNING * * *
Boomshaker's ghost barely misses you.
You slash Boomshaker's ghost!
Boomshaker's ghost is heavily damaged.
Boomshaker's ghost hits you but does no damage.
Drink which item? (? for menu, Esc to quit)
You feel very mighty all of a sudden. Boomshaker's ghost hits you!
* * * LOW HITPOINT WARNING * * *
You slash Boomshaker's ghost!
Boomshaker's ghost is severely damaged.
Boomshaker's ghost ripples.
Boomshaker's ghost hits you.
You die...

... #...# ...##
#...#####.
....##.......<.
##.............
#..............
#..............
##.....W........
#......@........
........<.......
......#.........
##...##.........
##.. ##........
#.. ##.......
... ....... ...
....... .......


You could see Boomshaker's ghost.

Vanquished Creatures
  An iguana (D:4)
  An adder (D:2)
  2 oozes (D:3)
  2 worms (D:3)
  A giant gecko (D:1)
  A ball python (D:3)
  4 giant cockroaches
  8 goblins
  11 hobgoblins
  13 jackals
  7 bats
  3 giant newts
  7 kobolds
  11 rats
72 creatures vanquished.

Notes
Turn   | Place    | Note
--------------------------------------------------------------
     0 | D:1      | houska102 the Demonspawn Fighter began the quest for the Orb.
     0 | D:1      | Reached XP level 1. HP: 18/18 MP: 1/1
   309 | D:1      | Gained mutation: You are partially covered in rough black scales (AC +4, Dex -1). [demonic ancestry]
   309 | D:1      | Reached XP level 2. HP: 24/24 MP: 2/2
  1032 | D:2      | Reached XP level 3. HP: 29/29 MP: 3/3
  1538 | D:2      | Found a deep blue altar of Sif Muna.
  2143 | D:3      | Reached XP level 4. HP: 35/35 MP: 4/4
  3321 | D:4      | Noticed Boomshaker's ghost (average GrFi)
  3348 | D:4      | Slain by Boomshaker's ghost

Vault maps used:
D:1:      lightli_arrival_statuegarden
D:2:      old_standard_altar
D:3:      minivault_11, kennysheep_cross_room, kennysheep_generic_room_11
D:4:      minmay_overflow_temple_star_hex, serial_shops, shop, minmay_ruptured,
          uniq_pikel, uniq_blork_the_orc, uniq_robin

Action                   |  1- 3 |  4- 6 || total
-------------------------+-------+-------++-------
Melee: Long sword        |   181 |   118 ||   299
  Use: Potion            |     3 |     3 ||     6
       Scroll            |     3 |     4 ||     7
  Eat: Pizza             |     1 |       ||     1
       Bread ration      |     1 |       ||     1
       Beef jerky        |       |     1 ||     1
